 Dungeon Crawl Stone Soup version 0.29-a0-700-g2f1814c7b2 (webtiles) character file.

Game seed: 13349974875494867986

67 DocClef the Shield-Bearer (level 4, -1/41 HPs)
             Began as a Gnoll Fighter on June 25, 2022.
             Slain by a gnoll
             ... wielding a +0 halberd
              (11 damage)
             ... on level 2 of the Dungeon.
             The game lasted 00:01:29 (1327 turns).

DocClef the Shield-Bearer (Gnoll Fighter)           Turns: 1327, Time: 00:01:30

Health: -1/41      AC: 11    Str: 24    XL:     4   Next: 16%
Magic:  5/5        EV: 10    Int:  7    God:
Gold:   165        SH:  5    Dex: 11    Spells: 5/5 levels left

rFire   . . .      SeeInvis .   a - +0 flail
rCold   . . .      Faith    .   c - +0 buckler
rNeg    . . .      Spirit   .   b - +0 scale mail
rPois   .          Reflect  .   (no helmet)
rElec   .          Harm     .   (no cloak)
rCorr   .          Rampage  .   (no gloves)
Will    .....                   (no boots)
Stlth   ..........              (no amulet)
HPRegen 0.13/turn               h - +4 ring of protection
MPRegen 0.09/turn               m - +6 ring of strength

@: no status effects
A: fangs 1, strong nose, distributed training
a: no special abilities


You were on level 2 of the Dungeon.
You visited 1 branch of the dungeon, and saw 2 of its levels.

You collected 165 gold pieces.

Inventory:

Hand Weapons
 a - a +0 flail (weapon)
Armour
 b - a +0 scale mail (worn)
 c - a +0 buckler (worn)
Jewellery
 h - a +4 ring of protection (left hand)
 m - a +6 ring of strength (right hand)
Scrolls
 e - a scroll of fog {unknown}
 g - 3 scrolls of teleportation {unknown}
 i - a scroll of acquirement {unknown}
Potions
 d - 2 potions of might
 f - a potion of curing {unknown}
 j - 2 potions of heal wounds {unknown}
 k - a potion of ambrosia {unknown}
 l - a potion of flight {unknown}


   Skills:
 + Level 6.6 Fighting
 + Level 1.0 Short Blades
 + Level 1.0 Long Blades
 + Level 1.0 Axes
 + Level 4.6 Maces & Flails
 + Level 1.0 Polearms
 + Level 1.0 Staves
 + Level 1.0 Slings
 + Level 1.0 Bows
 + Level 1.0 Crossbows
 + Level 1.0 Throwing
 + Level 6.6 Armour
 + Level 1.0 Dodging
 + Level 1.0 Stealth
 + Level 6.6 Shields
 + Level 1.0 Unarmed Combat
 + Level 1.0 Spellcasting
 + Level 0.8 Conjurations
 + Level 0.8 Hexes
 + Level 0.8 Summonings
 + Level 0.8 Necromancy
 + Level 0.8 Translocations
 + Level 0.8 Transmutations
 + Level 0.8 Fire Magic
 + Level 0.8 Ice Magic
 + Level 0.8 Air Magic
 + Level 0.8 Earth Magic
 + Level 0.8 Poison Magic
 + Level 1.1 Invocations
 + Level 1.0 Evocations


You had 5 spell levels left.
You didn't know any spells.
Your spell library contained the following spells:

 Spells                   Type           Power      Damage    Failure   Level
 Freeze                   Ice            4%         1d3       63%         1
 Shock                    Conj/Air       4%         1d3       63%         1
 Blink                    Tloc           2%         N/A       77%         2
 Frozen Ramparts          Ice            2%         1d2       94%         3
 Lesser Beckoning         Tloc           1%         N/A       94%         3
 Swiftness                Air            1%         N/A       94%         3
 Airstrike                Air            0%         N/A       100%        4
 Hailstorm                Conj/Ice       1%         3d3       100%        4
 Manifold Assault         Tloc           1%         N/A       100%        5


Dungeon Overview and Level Annotations

Branches:
Dungeon (2/15)

Altars:


Innate Abilities, Weirdness & Mutations

You have very sharp teeth.
Your uncanny sense of smell can sniff out nearby items.
Your experience applies equally to all skills.


Message History

The gnoll shouts!
A gnoll comes into view. It is wielding a +0 halberd.
The gnoll shouts!
A gnoll comes into view. It is wielding a +0 spear.
The gnoll shouts!
The gnoll hits you but does no damage.
You barely miss the gnoll. The gnoll hits you but does no damage.
You hit the gnoll but do no damage. Your bite misses the gnoll.
You block the gnoll's attack.
You sock the gnoll!
You kill the gnoll!
The gnoll hits you from afar with a +0 halberd.
Found a stone staircase leading down.
The gnoll hits you with a +0 halberd! The gnoll hits you but does no damage.
A ball python comes into view.
The ball python hisses angrily.
You hit the gnoll but do no damage. The gnoll closely misses you. x2
You block the gnoll's attack. The gnoll hits you but does no damage.
You barely miss the gnoll. You bite the gnoll.
The gnoll is lightly wounded.
The gnoll hits you with a +0 halberd!
The gnoll hits you from afar with a +0 spear!
* * * LOW HITPOINT WARNING * * *
You are too injured to fight recklessly!
You are too injured to fight recklessly!
You are too injured to fight recklessly!
You are too injured to fight recklessly!
You are too injured to fight recklessly!
You are too injured to fight recklessly!
You are too injured to fight recklessly!
You are too injured to fight recklessly!
You are too injured to fight recklessly!
You are too injured to fight recklessly!
You are too injured to fight recklessly!
You are too injured to fight recklessly!
You are too injured to fight recklessly!
Unknown command.
The gnoll attacks as you move away! The gnoll closely misses you.
The gnoll hits you from afar with a +0 halberd!
You die...

# #.............
###..<.......... ∆
.....####.###.#
...>.####.....#
...........##.##
#####.###..##..##
#............<.##
...###......>...)#####
∆ ## #..........@.ggS#
###......######.....
#......# ... #......#
> #......# ########


You could see 2 gnolls and a ball python.

Vanquished Creatures
  An adder (D:2)
  A gnoll (D:2)
  2 dart slugs
  5 bats
  4 endoplasms
  2 giant cockroaches (D:2)
  2 goblins (D:1)
  3 hobgoblins
  4 jackals (D:1)
  3 kobolds
  2 quokkas
  6 ball pythons
  3 frilled lizards
  4 rats
42 creatures vanquished.

Notes
Turn   | Place    | Note
-------+----------+-------------------------------------------
     0 | D:1      | DocClef the Gnoll Fighter began the quest for the Orb.
     0 | D:1      | Reached XP level 1. HP: 23/23 MP: 1/1
    78 | D:1      | Reached XP level 2. HP: 24/29 MP: 2/2
   594 | D:1      | Reached XP level 3. HP: 30/35 MP: 3/3
  1081 | D:2      | Reached skill level 1 in Invocations
  1217 | D:2      | Reached skill level 1 in Short Blades
  1217 | D:2      | Reached skill level 1 in Long Blades
  1217 | D:2      | Reached skill level 1 in Axes
  1217 | D:2      | Reached skill level 1 in Polearms
  1217 | D:2      | Reached skill level 1 in Staves
  1217 | D:2      | Reached skill level 1 in Slings
  1217 | D:2      | Reached skill level 1 in Bows
  1217 | D:2      | Reached skill level 1 in Crossbows
  1217 | D:2      | Reached skill level 1 in Throwing
  1217 | D:2      | Reached skill level 1 in Dodging
  1217 | D:2      | Reached skill level 1 in Stealth
  1217 | D:2      | Reached skill level 1 in Unarmed Combat
  1217 | D:2      | Reached skill level 1 in Spellcasting
  1217 | D:2      | Reached skill level 1 in Evocations
  1217 | D:2      | Reached XP level 4. HP: 37/41 MP: 5/5
  1327 | D:2      | Slain by a gnoll

Illustrated notes

Levels and vault maps discovered:
D:1:      grunt_arrival_lava_bath, layout_loops_ring,
          chequers_serial_rivers_micro_a, minmay_cut_off
D:2:      layout_rooms

Skill      XL: |  1  2  3 |
---------------+----------+-----
Invocations    | 1 |  1.1
Short Blades   | 1 |  1.0
Long Blades    | 1 |  1.0
Axes           | 1 |  1.0
Polearms       | 1 |  1.0
Staves         | 1 |  1.0
Slings         | 1 |  1.0
Bows           | 1 |  1.0
Crossbows      | 1 |  1.0
Throwing       | 1 |  1.0
Dodging        | 1 |  1.0
Stealth        | 1 |  1.0
Unarmed Combat | 1 |  1.0
Spellcasting   | 1 |  1.0
Evocations     | 1 |  1.0
Fighting       | |  6.6
Maces & Flails | |  4.6
Armour         | |  6.6
Shields        | |  6.6
Conjurations   | |  0.8
Hexes          | |  0.8
Summonings     | |  0.8
Necromancy     | |  0.8
Translocations | |  0.8
Transmutations | |  0.8
Fire Magic     | |  0.8
Ice Magic      | |  0.8
Air Magic      | |  0.8
Earth Magic    | |  0.8
Poison Magic   | |  0.8

Action                   |  1- 3 |  4- 6 || total
-------------------------+-------+-------++-------
Melee: Flail             |   132 |     6 ||   138
       Bite              |     8 |     1 ||     9
Armor: Scale mail        |    90 |     4 ||    94
Dodge: Dodged            |    68 |     3 ||    71
Block: Buckler           |    42 |     2 ||    44

Table legend: (Time is in decaauts)
 A = Elapsed time spent in this place.
 B = Non-inter-level travel time spent in this place.
 C = Inter-level travel time spent in this place.
 D = Time resting spent in this place.
 E = Time spent auto-exploring this place.
 F = Levels seen in this place.
 G = Mean time per level.
                   A        B        C        D        E       F      G
               +--------+--------+--------+--------+--------+-----+--------+
         Total |   1354 |   1336 |     18 |      0 |   1048 |   2 |  677.0 |
       Dungeon |   1354 |   1336 |     18 |      0 |   1048 |   2 |  677.0 |
               +--------+--------+--------+--------+--------+-----+--------+

Top non-repeatable levels by time:
     D:1: 1043 daAuts
     D:2: 311 daAuts
